Map: Imperio eterno EE

Players

Gabo

  • Race: Protoss Protoss
  • League: Gold
  • Spawn Location: 7:00

MrFercho - Winner!

  • Race: Zerg Zerg
  • League: Gold
  • Spawn Location: 1:00

VOD

Have the link to the VOD?

Description

Time

  • Played on: Aug. 16, 2020, 11:02 p.m.
  • Length: 6:58
Show
View Real Time Build Order
Export as new Build Order

Gabo Protoss 

Build Orders:  

Get SALT Encoding   

  12  0:01  Probe  
  13  0:15  Pylon  
  13  0:17  Probe (Chrono Boost)  
  15  0:28  Probe (Chrono Boost)  
  15  0:37  Gateway  
  15  0:39  Probe  
  16  0:47  Pylon  
  16  0:54  Assimilator  
  16  0:57  Probe  
  17  1:09  Gateway  
  17  1:11  Probe (Chrono Boost)  
  18  1:21  Probe (Chrono Boost)  
  19  1:26  Probe (Chrono Boost)  
  19  1:27  Zealot  
  22  1:40  Gateway  
  22  1:49  Cybernetics Core  
  22  1:55  Assimilator  
  22  2:00  Zealot  
  24  2:19  Gateway  
  24  2:20  Probe (Chrono Boost)  
  25  2:23  Warp Gate (Chrono Boost)  
  26  2:30  Probe (Chrono Boost)  
  26  2:35  Probe (Chrono Boost)  
  27  2:37  Stalker  
  27  2:42  Stalker  
  29  3:22  Stalker, Shield Battery  
  31  3:31  Pylon  
  31  3:33  Pylon  
  31  3:50  Stalker x2 (Chrono Boost)  
  31  3:55  Stalker (Chrono Boost)  
  37  3:58  Gateway  
  31  4:27  Zealot  
  31  4:28  Zealot x2  
  35  4:42  Forge  
  35  4:45  Gateway  
  35  4:47  Stalker  
  35  4:49  Stalker  
  35  4:52  Zealot  
  41  4:57  Zealot  
  43  5:18  Zealot x2  
  41  5:38  Photon Cannon  
  41  5:40  Shield Battery  
  41  5:41  Photon Cannon  
  41  5:59  Stalker x2  
  45  6:05  Zealot  
  43  6:37  Stalker  
  43  6:39  Zealot x3  
Show
View Real Time Build Order
Export as new Build Order

MrFercho Zerg - Winner!

Build Orders: Hatch First 

Get SALT Encoding   

  12  0:01  Drone  
  13  0:13  Overlord  
  13  0:17  Drone  
  14  0:32  Drone x2  
  16  0:37  Drone  
  17  0:55  Hatchery  
  17  0:56  Drone  
  17  1:00  Drone  
  18  1:05  Extractor  
  17  1:16  Spawning Pool  
  16  1:22  Drone x2  
  18  1:34  Drone  
  19  1:49  Drone  
  19  1:52  Overlord  
  20  2:02  Drone  
  20  2:06  Queen  
  20  2:07  Queen  
  25  2:10  Drone  
  25  2:13  Zergling x2  
  27  2:19  Zergling x2  
  28  2:25  Drone  
  29  2:30  Drone  
  29  2:36  Drone  
  31  2:41  Metabolic Boost  
  31  2:45  Queen  
  31  2:49  Lair  
  32  3:16  Zergling x8  
  32  3:17  Overlord  
  32  3:18  Overlord  
  36  3:35  Evolution Chamber  
  35  3:44  Zergling x4  
  35  3:45  Zergling x10  
  42  3:57  Evolution Chamber  
  42  3:58  Drone x3  
  42  3:59  Drone  
  42  4:00  Spine Crawler  
  42  4:17  Zergling x12  
  44  4:32  Zerg Melee Weapons Level 1  
  44  4:33  Zerg Ground Armor Level 1  
  44  4:40  Zergling x16  
  44  4:42  Overlord  
  52  4:51  Overseer  
  52  5:00  Queen, Baneling Nest  
  52  5:03  Drone x3  
  52  5:04  Drone  
  57  5:14  Zergling x8  
  56  5:21  Zergling x2  
  56  5:22  Zergling x6  
  60  5:35  Overlord x3  
  60  5:52  Baneling x5  
  60  5:54  Baneling  
  60  5:58  Zergling x14  
  67  6:11  Extractor  
  66  6:12  Drone x3  
  58  6:38  Zergling x12  
  58  6:39  Zergling x6  
Tags
 
League
GoldGold
Matchup
PvZ
Replay Pack
MrFercho
Spawn Locations
Cross Positions
Add a new tag
Caveats
  • Supply blocks, unpowered buildings, or Contaminate may cause inaccurate times.
  • Supply counts are checked every 10 seconds.